AoeStats
← Tetragamenon11

Arabia

509911418Analyzed
1v1 RM · 5d ago on Sep 28, 2026· 53m 33s· 2 players
Game mode
Random Map
Map size
Tiny (2 player)
Population
200
Speed
Normal
Resources
Standard
Victory
Conquest
Starting age
Dark Age
Ending age
Imperial Age
RankedLock teamsTeams togetherTeam positionsShared explorationLock speedFull tech treeHidden civsTurbo modeCheats
Victory
Defeat
🇬🇧 Italians · United Kingdom
1368
+14
🇵🇪 Inca · Peru
1329
-14
Tetragamenon11
8:12 Loom
11:09 Feudal Age
11:28 Champi Runner
12:49 Double-Bit Axe
14:50 Horse Collar
16:56 Scale Mail Armor
18:38 Forging
21:50 Wheelbarrow
24:52 Castle Age
23:34 Gold Mining
25:36 Squires
25:01 Champi Warrior
26:41 Gold Shaft Mining
26:50 Chain Mail Armor
27:11 Iron Casting
26:50 Fletching
29:59 Heavy Plow
30:15 Town Watch
35:38 Imperial Age
33:48 Bow Saw
37:18 Plate Mail Armor
38:16 Elite Champi Warrior
39:37 Elite Skirmisher
41:09 Crop Rotation
43:25 Blast Furnace
43:29 Bodkin Arrow
44:20 Stone Mining
45:17 Bracer
45:54 Padded Archer Armor
46:56 Chemistry
47:04 Ballistics
48:51 Leather Archer Armor
53:53 Ring Archer Armor
DarK Slaayer
5:23 Loom
9:36 Feudal Age
10:10 Double-Bit Axe
20:41 Castle Age
20:54 Fletching
23:44 Husbandry
24:45 Bodkin Arrow
32:08 Ballistics
34:21 Wheelbarrow
36:33 Gold Mining
36:34 Stone Mining
41:48 Imperial Age
39:34 Hand Cart
40:13 Stone Shaft Mining
40:49 Bloodlines
41:33 Masonry
42:33 Bracer
43:37 Chemistry
43:05 Thumb Ring
43:33 Town Watch
45:38 Padded Archer Armor
45:39 Scale Mail Armor
47:20 Leather Archer Armor
47:22 Chain Mail Armor
47:17 Forging
49:39 Plate Mail Armor
51:58 Iron Casting
53:22 Squires
53:08 Arson
Connection lost

Rejoining the realm…

Still unreachable

The connection could not be restored.

Session expired

The server has moved on; the page needs a fresh start.